 Dungeon Crawl Stone Soup version 0.28-a0-529-g3bad584f25 (webtiles) character file.

Game seed: 538043594824720670

70 fijero the Firebug (level 4, -4/24 HPs)
             Began as a Gargoyle Fire Elementalist on Sept 24, 2021.
             Killed by divine providence
             ... invoked by an orc priest
              (11 damage)
             ... on level 3 of the Dungeon.
             The game lasted 00:27:23 (2522 turns).

fijero the Firebug (Gargoyle Fire Elementalist)     Turns: 2522, Time: 00:27:23

Health: -4/24      AC:  5    Str: 11    XL:     4   Next: 21%
Magic:  6/7        EV: 11    Int: 17    God:
Gold:   129        SH:  0    Dex: 10    Spells: 1/7 levels left

rFire   . . .      SeeInvis .   c - +0 dagger
rCold   . . .      Faith    .   (no shield)
rNeg    + . .      Spirit   .   a - +0 robe
rPois   ∞          Reflect  .   (no helmet)
rElec   +          Harm     .   (no cloak)
rCorr   .          Rampage  .   (no gloves)
Will    .....                   (no boots)
Stlth   ++........              (no amulet)
HPRegen 0.08/turn               (no ring)
MPRegen 0.10/turn               (no ring)

@: no status effects
A: sickness immunity, AC +3, negative energy resistance 1, electricity
resistance, torment resistance 1, petrification resistance
a: no special abilities


You were on level 3 of the Dungeon.
You visited 1 branch of the dungeon, and saw 3 of its levels.

You collected 129 gold pieces.

Inventory:

Hand Weapons
 c - a +0 dagger (weapon)
Armour
 a - a +0 robe (worn)
Magical Staves
 f - a staff of cold
Scrolls
 d - 3 scrolls of identify
 j - a scroll of immolation {unknown}
 k - a scroll of blinking {unknown}
Potions
 b - a potion of haste {unknown}
 e - a potion of ambrosia {unknown}
 g - a potion of brilliance
 h - a potion of might {unknown}
 i - a potion of magic {unknown}


   Skills:
 - Level 1.5 Dodging
 - Level 2.1 Stealth
 - Level 2.0 Spellcasting
 + Level 1.9 Conjurations
 + Level 4.7 Fire Magic


You had one spell level left.
You knew the following spells:

 Your Spells              Type           Power      Damage    Failure   Level
a - Foxfire               Conj/Fire      52%        2x1d6     4%          1
b - Scorch                Fire           34%        2d6       4%          2
c - Conjure Flame         Conj/Fire      13%        6-21      16%         3

Your spell library contained the following spells:

 Spells                   Type           Power      Damage    Failure   Level
 Inner Flame              Hex/Fire       9%         N/A       22%         3
 Flame Wave               Conj/Fire      13%        3d5       45%         4
 Frozen Ramparts          Ice            2%         1d2       50%         3
 Ice Form                 Ice/Tmut       1%         N/A       88%         4
 Petrify                  Tmut/Erth      1%         N/A       88%         4
 Metabolic Englaciation   Hex/Ice        0%         N/A       99%         5
 Silence                  Hex/Air        0%         N/A       99%         5
 Discord                  Hex            0%         N/A       100%        8
 Statue Form              Tmut/Erth      Unusable   N/A       N/A         6

Dungeon Overview and Level Annotations

Branches:
Dungeon (3/15)

Altars:

Annotations:
D:1 exclusion: downstairs


Innate Abilities, Weirdness & Mutations

You are immune to sickness and miasma.
Your stone body is resilient. (AC +3)
You are immune to poison.
You resist negative energy. (rN+)
You are resistant to electric shocks. (rElec)
You are resistant to unholy torment.
You are immune to petrification.


Message History

You open the door.
A goblin, an orc and an orc priest come into view.
The orc shouts!
The orc priest shouts!
The goblin shouts!
You hear a shout!
An orc comes into view. It is wielding a +0 short sword.
The orc priest moves out of view.
You hear a shout!
You close the door.
An orc opens the door.
Casting: Foxfire (safe; 4% risk of failure)
Press: ? - help, Q - select action, (/) - cycle Dir - look around, f - activate You conjure some foxfire!
The foxfire hits the orc.
The orc is almost dead.
The foxfire hits the orc.
You kill the orc!
An orc comes into view. It is wielding a +0 mace.
The goblin unwields a +0 club.
The goblin wields a +0 hunting sling.
The goblin shoots a stone.
The stone hits you.
Casting: Foxfire (safe; 4% risk of failure)
Press: ? - help, Q - select action, (/) - cycle Dir - look around, f - activate You conjure some foxfire!
The foxfire hits the orc.
The orc is almost dead.
The foxfire hits the orc.
You kill the orc!
The goblin shoots a stone.
The stone hits you but does no damage.
Casting: Foxfire (safe; 4% risk of failure)
Press: ? - help, Q - select action, (/) - cycle Dir - look around, f - activate You conjure some foxfire!
The orc priest calls down the wrath of Beogh upon you.
Beogh smites you!
Ouch! That really hurt!
* * * LOW HITPOINT WARNING * * *
The orc throws a boomerang.
The boomerang barely misses you.
You open the door.
The orc throws a boomerang.
The boomerang closely misses you.
There is an open door here.
You close the door.
The orc priest invokes the aid of Beogh against you.
Beogh smites you!
You die...

######.#####.#...
#.............§..
#...........#....
#######.....o.....#....
...........o......##...
#####............##...
#............##...
#............##...
#@...........###..
#............# #..
#.#####+###### ##> #.#
## #.# #.# #.# #.#


You could see an orc priest and an orc.

Vanquished Creatures
  2 adders (D:2)
  2 worms (D:2)
  2 dart slugs
  2 orcs (D:3)
  A bat (D:1)
  2 endoplasms
  A giant cockroach (D:2)
  3 goblins
  2 hobgoblins (D:2)
  4 jackals (D:1)
  3 quokkas
  5 ball pythons
  4 kobolds
  4 rats
37 creatures vanquished.

Vanquished Creatures (others)
  95 foxfires
95 creatures vanquished.

Grand Total: 132 creatures vanquished

Notes
Turn   | Place    | Note
-------+----------+-------------------------------------------
     0 | D:1      | fijero the Gargoyle Fire Elementalist began the quest for
                  | the Orb.
     0 | D:1      | Reached XP level 1. HP: 10/10 MP: 3/3
   647 | D:1      | Reached XP level 2. HP: 15/15 MP: 3/5
   651 | D:1      | Learned a level 2 spell: Scorch
  1030 | D:1      | Found a faded altar of an unknown god.
  1223 | D:2      | Noticed Terence
  1252 | D:2      | Reached skill level 4 in Fire Magic
  1421 | D:2      | Reached XP level 3. HP: 16/19 MP: 3/6
  1425 | D:2      | Learned a level 3 spell: Conjure Flame
  2005 | D:2      | Reached XP level 4. HP: 24/24 MP: 2/7
  2158 | D:2      | Got the Grimoire of the Postmodern Ultimatums
  2522 | D:3      | Killed from afar by an orc priest

Illustrated notes

Levels and vault maps discovered:
D:1:      lightli_arrival_boilingwater, layout_loops_ring,
          ebering_ecumenical_altar_hall
D:2:      layout_loops_ring, uniq_terence
D:3:      layout_basic, grunt_temple_overflow_bloody_war, uniq_sigmund

Skill      XL: |  1  2 |
---------------+-------+-----
Fire Magic     | 4 |  4.7
Dodging        | |  1.5
Stealth        | |  2.1
Spellcasting   | |  2.0
Conjurations   | |  1.9

Action                   |  1- 3 |  4- 6 || total
-------------------------+-------+-------++-------
Melee: Dagger            |    19 |     3 ||    22
 Cast: Foxfire           |    54 |     9 ||    63
       Scorch            |     3 |     1 ||     4
  Use: Scroll            |       |     1 ||     1
 Stab: Sleeping          |     3 |     2 ||     5
Armor: Robe              |    22 |     1 ||    23
Dodge: Dodged            |    44 |     3 ||    47

Table legend: (Time is in decaauts)
 A = Elapsed time spent in this place.
 B = Non-inter-level travel time spent in this place.
 C = Inter-level travel time spent in this place.
 D = Time resting spent in this place.
 E = Time spent auto-exploring this place.
 F = Levels seen in this place.
 G = Mean time per level.
                   A        B        C        D        E       F      G
               +--------+--------+--------+--------+--------+-----+--------+
         Total |   2547 |   2472 |     75 |    324 |    616 |   3 |  849.0 |
       Dungeon |   2547 |   2472 |     75 |    324 |    616 |   3 |  849.0 |
               +--------+--------+--------+--------+--------+-----+--------+

Top non-repeatable levels by time:
     D:1: 1251 daAuts
     D:2: 994 daAuts
     D:3: 301 daAuts
